 Dungeon Crawl Stone Soup version 0.30-a0-728-gc68057be0a (webtiles) character file.

Game seed: 1751721124692954799

16 Hubris850 the Covered (level 2, 0/22 (27) HPs)
             Began as a Minotaur Fighter on Jan 31, 2023.
             Killed by nerve-wracking pain
             ... invoked by Jessica
              (14 damage)
             ... on level 2 of the Dungeon.
             The game lasted 00:01:29 (756 turns).

Hubris850 the Covered (Minotaur Fighter)             Turns: 756, Time: 00:01:30

HP:   0/22 (27)     AC:  7    Str: 20    XL:     2   Next: 37%
MP:   1/1           EV:  9    Int:  5    God:
Gold: 13            SH:  4    Dex:  9    Spells: 1/1 levels left

rFire   . . .      SeeInvis .    a - +0 war axe
rCold   . . .      Faith    .    c - +0 buckler
rNeg    . . .      Spirit   .    b - +0 scale mail
rPois   .          Reflect  .    (helmet restricted)
rElec   .          Harm     .    (no cloak)
rCorr   .          Rampage  .    (no gloves)
Will    .....                    (no boots) Stlth
                                 (no amulet)
HPRegen 0.23/turn                (no ring)
MPRegen 0.07/turn                (no ring)

@: mighty, heavily drained
A: horns 2, retaliatory headbutt
a: no special abilities


You were on level 2 of the Dungeon.
You visited 1 branch of the dungeon, and saw 2 of its levels.

You collected 13 gold pieces.

Inventory:

Hand Weapons
 a - a +0 war axe (weapon)
Armour
 b - a +0 scale mail (worn)
 c - a +0 buckler (worn)
Magical Staves
 h - a staff of fire
Jewellery
 g - a ring of wizardry
Scrolls
 e - a scroll of magic mapping {unknown}
 j - a scroll of immolation {unknown}
Potions
 f - a potion of flight {unknown}
 i - 2 potions of magic {unknown}


   Skills:
 + Level 3.9 Fighting
 + Level 2.8 Axes
 + Level 3.9 Armour
 + Level 3.9 Shields


You had one spell level left.
You didn't know any spells.
Your spell library was empty.

Dungeon Overview and Level Annotations

Branches:
Dungeon (2/15)

Altars:

Annotations:
D:2 Jessica


Innate Abilities, Weirdness & Mutations

You have a pair of horns on your head.
You reflexively headbutt those who attack you in melee.


Message History

Jessica mumbles some strange words.
Jessica blinks!
You block the kobold's attack.
You hit the kobold.
The kobold is moderately wounded.
The kobold closely misses you.
You barely miss the kobold.
The kobold is moderately wounded.
The kobold hits you but does no damage. x2
You barely miss the kobold.
The kobold is moderately wounded.
The kobold hits you with a +0 dagger.
You closely miss the kobold.
The kobold is moderately wounded.
The kobold hits you but does no damage. x2
You barely miss the kobold.
The kobold is moderately wounded.
You barely miss Jessica. You block Jessica's attack.
Jessica hits you but does no damage.
You feel drained. You block the kobold's attack.
You closely miss the kobold.
The kobold is moderately wounded.
You hit Jessica.
Jessica grins evilly.
Jessica mumbles some strange words.
Jessica blinks!
Jessica gestures wildly while chanting.
Jessica blinks!
The kobold hits you with a +0 dagger.
Jessica gestures wildly while chanting.
Jessica blinks!
You hit the kobold but do no damage.
The kobold is moderately wounded.
The kobold hits you with a +0 dagger. The kobold hits you but does no damage.
You hit the kobold. You headbutt the kobold.
You kill the kobold!
You have nothing you can fire or use right now.
You feel very mighty all of a sudden. Jessica casts a spell at you.
Pain shoots through your body!
Ouch! That really hurt!
You die...

#####. .. .....
... #...## ##.#
....#
...###.#.######
#.....#.......
#..#.<.......
#...####....
#@..# .
.....@).#....#
...............#
..##.######.##..
... ... . ##.
#### #


You could see Jessica (fast).

Vanquished Creatures
  2 bats (D:1)
  2 endoplasms (D:1)
  A giant cockroach (D:1)
  3 hobgoblins (D:1)
  A quokka (D:1)
  A ball python (D:1)
  A frilled lizard (D:1)
  2 kobolds
  A rat (D:1)
14 creatures vanquished.

Notes
Turn   | Place    | Note
-------+----------+-------------------------------------------
     0 | D:1      | Hubris850 the Minotaur Fighter began the quest for the Orb.
     0 | D:1      | Reached XP level 1. HP: 19/19 MP: 0/0
   117 | D:1      | Found a faded altar of an unknown god.
   119 | D:1      | Noticed a great orb of eyes
   119 | D:1      | Noticed a golden eye
   120 | D:1      | Noticed an eye of devastation
   120 | D:1      | Noticed a golden eye
   256 | D:1      | Reached XP level 2. HP: 22/27 MP: 1/1
   734 | D:2      | Noticed Jessica
   756 | D:2      | Killed from afar by Jessica

Illustrated notes

Levels and vault maps discovered:
D:1:      minmay_arrival_glassed_features, layout_basic,
          hellmonk_ecumenical_altar_watching_god
D:2:      layout_rooms, uniq_jessica, uniq_crazy_yiuf_cottage, uniq_robin

Action                     || total
---------------------------++-------
  Melee: War axe           ||    49
         Headbutt          ||     6
    Use: Potion            ||     1
 Armour: Scale mail        ||    21
  Dodge: Dodged            ||    14
  Block: Buckler           ||     9

Table legend: (Time is in decaauts)
 A = Elapsed time spent in this place.
 B = Non-inter-level travel time spent in this place.
 C = Inter-level travel time spent in this place.
 D = Time resting spent in this place.
 E = Time spent auto-exploring this place.
 F = Levels seen in this place.
 G = Mean time per level.
                   A        B        C        D        E       F      G
               +--------+--------+--------+--------+--------+-----+--------+
         Total |    775 |    701 |     74 |      0 |    580 |   2 |  387.5 |
       Dungeon |    775 |    701 |     74 |      0 |    580 |   2 |  387.5 |
               +--------+--------+--------+--------+--------+-----+--------+

Top non-repeatable levels by time:
     D:1: 747 daAuts
     D:2: 28 daAuts
